Map: Pylon LE

Players

LigerMaNN

  • Race: Zerg Zerg
  • League: Diamond
  • Spawn Location: 11:00

Mer - Winner!

  • Race: Terran Terran
  • League: Diamond
  • Spawn Location: 5:00

VOD

Have the link to the VOD?

Description

Time

  • Played on: July 1, 2025, 12:58 a.m.
  • Length: 19:14
Show
View Real Time Build Order
Export as new Build Order

LigerMaNN Zerg 

Build Orders: Hatch First 

Get SALT Encoding   

  12  0:01  Drone  
  13  0:12  Overlord  
  13  0:16  Drone  
  14  0:35  Drone x3  
  17  0:51  Hatchery  
  17  0:55  Drone  
  17  0:59  Drone  
  18  1:10  Extractor  
  17  1:16  Spawning Pool  
  16  1:19  Drone  
  16  1:21  Drone  
  18  1:28  Drone  
  19  1:43  Overlord  
  19  2:04  Zergling x6, Queen x2  
  26  2:15  Drone  
  26  2:16  Drone  
  26  2:20  Metabolic Boost  
  28  2:28  Drone x2  
  29  2:59  Drone x3  
  29  3:00  Drone x3  
  34  3:13  Overlord x2, Hatchery, Queen  
  35  3:23  Overlord x2  
  35  3:32  Drone x5  
  40  3:37  Overlord  
  40  3:40  Overlord  
  40  3:42  Extractor  
  39  3:56  Zergling x10  
  39  4:01  Drone x2  
  46  4:14  Queen  
  47  4:29  Queen  
  50  4:34  Lair  
  50  4:36  Evolution Chamber  
  50  4:38  Evolution Chamber  
  46  4:39  Roach Warren  
  46  4:41  Drone x8  
  46  4:45  Drone x2  
  55  4:47  Drone  
  56  5:09  Spore Crawler  
  56  5:11  Spore Crawler  
  56  5:13  Queen, Spore Crawler  
  55  5:16  Queen  
  55  5:20  Drone x2  
  55  5:21  Drone x4  
  62  5:23  Drone x3  
  62  5:25  Drone  
  62  5:27  Drone  
  68  5:28  Drone  
  68  5:30  Drone  
  68  5:32  Drone  
  71  5:38  Zerg Melee Weapons Level 1  
  71  5:42  Zerg Ground Armor Level 1  
  71  5:49  Drone  
  68  5:50  Drone x4  
  68  5:51  Drone  
  68  5:53  Drone  
  68  5:55  Drone  
  66  5:58  Drone x2  
  70  6:16  Pneumatized Carapace, Spire  
  69  6:20  Drone x2, Extractor  
  69  6:21  Drone  
  69  6:22  Drone x3, Extractor  
  69  6:24  Drone  
  69  6:25  Drone  
  75  6:31  Zergling x2  
  74  6:46  Hatchery  
  73  6:47  Baneling Nest  
  72  6:58  Drone  
  72  6:59  Drone x2, Hatchery  
  74  7:06  Roach x4  
  82  7:08  Overlord x3  
  82  7:09  Overlord x4  
  82  7:20  Extractor  
  81  7:24  Zergling x8  
  81  7:27  Zergling x2  
  82  7:43  Zerg Flyer Weapons Level 1  
  82  7:44  Zerg Melee Weapons Level 2, Zerg Ground Armor Level 2  
  82  7:48  Mutalisk x3  
  82  7:49  Infestation Pit  
  87  7:52  Zergling x12  
  87  7:56  Extractor  
  87  7:57  Extractor  
  91  8:15  Hatchery  
  89  8:22  Hatchery  
  89  8:26  Hive  
  88  8:27  Hatchery  
  86  8:41  Mutalisk x4  
  86  8:43  Zergling x4  
  86  8:44  Zergling x12  
  101  8:55  Glial Reconstitution  
  97  8:56  Centrifugal Hooks  
  97  8:58  Zergling x8  
  97  9:00  Queen  
  103  9:05  Drone x3  
  103  9:07  Drone  
  107  9:17  Drone x3  
  107  9:18  Drone  
  111  9:24  Baneling x10  
  111  9:25  Baneling  
  110  9:38  Mutalisk  
  110  9:39  Mutalisk  
  110  9:41  Drone x2  
  110  9:42  Drone  
  110  9:43  Drone x11  
  128  9:48  Drone  
  128  9:49  Drone x4  
  128  9:51  Drone x2  
  135  9:57  Roach x4  
  135  10:06  Zergling x26  
  148  10:08  Ravager x4  
  148  10:11  Corruptor x3  
  156  10:18  Overlord x6  
  149  10:26  Corruptor x4  
  152  10:42  Zerg Flyer Weapons Level 2  
  148  10:43  Corruptor x2  
  148  10:44  Corruptor  
  142  10:57  Corruptor x2  
  146  11:04  Queen  
  146  11:07  Extractor  
  147  11:15  Ultralisk Cavern  
  147  11:18  Zergling x52  
  165  11:19  Zergling x4  
  174  11:26  Adrenal Glands  
  174  11:31  Zerg Melee Weapons Level 3  
  168  12:11  Chitinous Plating  
  168  12:13  Zerg Ground Armor Level 3  
  168  12:15  Ultralisk x2  
  180  12:17  Zergling x36  
  180  12:18  Zergling x4  
  196  12:44  Corruptor x5  
  196  13:08  Baneling x19  
  196  13:09  Baneling x8  
  196  13:10  Baneling  
  196  13:14  Zergling x6  
  199  13:30  Anabolic Synthesis  
  140  14:16  Ultralisk x5  
  140  14:17  Ultralisk x2  
  152  14:19  Zergling x48  
  166  14:30  Corruptor x3  
  133  14:46  Ultralisk  
  133  14:48  Zergling x20  
  115  15:16  Corruptor x7  
  128  15:23  Zergling x32  
  144  15:48  Drone x4  
  148  15:50  Baneling  
  148  15:51  Baneling x25  
  148  15:52  Baneling x4  
  148  15:53  Zergling x30  
  163  16:07  Extractor  
  163  16:18  Drone x3  
  163  16:19  Drone, Extractor x2  
  163  16:20  Drone x2  
  109  16:47  Corruptor x10  
  109  16:51  Zergling x22  
  140  17:04  Spore Crawler  
  140  17:06  Spore Crawler  
  140  17:08  Spore Crawler  
  137  17:12  Baneling  
  137  17:13  Baneling x13  
  137  17:14  Zergling x24  
  137  17:15  Zergling x4  
  148  17:41  Zergling x18  
  148  17:42  Zergling x12  
  129  18:15  Ultralisk x2  
  129  18:16  Ultralisk x4  
Show
View Real Time Build Order
Export as new Build Order

Mer Terran - Winner!

Build Orders: Reaper Expand, Hellion Banshee, Mech 

Get SALT Encoding   

  12  0:00  SCV  
  13  0:12  SCV  
  14  0:17  Supply Depot  
  14  0:24  SCV  
  15  0:38  SCV  
  15  0:40  Barracks  
  16  0:43  Refinery  
  16  0:50  SCV  
  17  1:03  SCV  
  18  1:15  SCV  
  19  1:27  Orbital Command  
  19  1:28  Reaper  
  20  1:40  Command Center  
  20  1:53  SCV  
  21  1:59  Supply Depot  
  21  2:03  Barracks Reactor  
  21  2:05  SCV  
  22  2:11  Refinery  
  22  2:17  SCV  
  23  2:28  Factory  
  24  2:30  SCV  
  24  2:40  Marine x2  
  24  2:42  SCV  
  27  2:53  Engineering Bay  
  27  2:54  SCV  
  28  3:02  Bunker  
  28  3:04  Orbital Command  
  28  3:21  Starport  
  28  3:22  SCV  
  29  3:32  SCV  
  29  3:34  SCV  
  31  3:38  Hellion x2  
  31  3:39  Supply Depot, Barracks Tech Lab  
  35  3:44  SCV  
  35  3:46  SCV  
  36  3:56  SCV  
  36  3:58  SCV  
  36  4:00  Fusion Core  
  36  4:01  Supply Depot  
  38  4:04  Hellion  
  38  4:05  Hellion  
  42  4:11  SCV x2  
  42  4:12  Banshee  
  47  4:24  Command Center  
  47  4:27  SCV x2  
  49  4:34  Hellion x2  
  53  4:39  SCV x2  
  55  4:51  SCV x2  
  57  4:52  Supply Depot  
  57  4:53  Supply Depot  
  57  5:02  Hellion x2  
  57  5:05  Factory  
  57  5:06  Factory  
  61  5:14  SCV x2  
  62  5:15  Battlecruiser  
  62  5:18  Barracks Tech Lab  
  69  5:23  Hellion x2  
  69  5:26  Supply Depot  
  73  5:33  Engineering Bay  
  73  5:38  SCV  
  73  5:39  Refinery x2, SCV  
  75  5:50  SCV  
  75  5:51  SCV  
  71  6:01  Hellion x2  
  71  6:02  Planetary Fortress  
  71  6:03  Barracks Tech Lab  
  73  6:07  SCV x2  
  75  6:12  Supply Depot  
  75  6:19  SCV x2  
  75  6:20  Hellion x2  
  81  6:31  SCV  
  88  6:40  Battlecruiser  
  88  6:41  Siege Tank  
  88  6:46  Missile Turret  
  91  6:49  Missile Turret, SCV  
  91  6:50  Supply Depot, SCV  
  91  6:51  Refinery, SCV  
  91  6:52  Refinery, Supply Depot  
  94  7:01  SCV  
  94  7:02  Missile Turret x2, SCV  
  94  7:03  SCV  
  94  7:04  Siege Tank  
  94  7:05  Hellion x2  
  104  7:14  SCV x2  
  104  7:15  SCV  
  107  7:16  Armory  
  107  7:20  Armory  
  107  7:21  Supply Depot  
  105  7:32  Siege Tank  
  105  7:33  Hellion x2  
  105  7:36  Siege Tank  
  115  7:40  Missile Turret  
  115  7:41  Missile Turret  
  115  7:42  SCV  
  115  7:43  SCV x2  
  118  7:55  SCV x3  
  121  8:04  Thor  
  127  8:05  Terran Vehicle Weapons Level 1  
  127  8:07  Terran Vehicle And Ship Armor Level 1, SCV  
  127  8:10  Supply Depot  
  128  8:19  Thor  
  128  8:24  Hellion x2  
  128  8:26  Supply Depot  
  132  8:36  Command Center  
  132  8:40  Starport Reactor  
  132  8:46  Supply Depot  
  132  8:47  Supply Depot  
  132  8:53  Hellion, Siege Tank  
  132  8:54  Hellion  
  131  8:57  Infernal Pre-Igniter  
  131  9:02  Siege Tank  
  132  9:05  Factory  
  132  9:12  Hi-Sec Auto Tracking  
  132  9:16  Factory  
  132  9:20  Hellion x2  
  136  9:24  Command Center  
  136  9:25  Siege Tank  
  136  9:27  Command Center  
  139  9:34  Siege Tank, Medivac x2  
  146  10:00  Thor x2, Terran Ship Weapons Level 1  
  146  10:01  Factory Tech Lab  
  146  10:02  Orbital Command  
  158  10:14  Hellion x3  
  164  10:20  Refinery  
  164  10:21  Refinery  
  164  10:28  Missile Turret  
  164  10:35  Hellion  
  166  10:42  Medivac x2  
  169  10:48  Sensor Tower  
  169  10:49  Cyclone x2  
  178  10:50  Cyclone x2, Hellion  
  178  10:56  Hellion  
  185  10:57  Terran Vehicle Weapons Level 2  
  185  10:59  Neosteel Armor  
  185  11:11  Weapon Refit  
  185  11:29  Planetary Fortress  
  185  11:30  Sensor Tower  
  185  11:31  Missile Turret  
  185  11:34  Planetary Fortress  
  185  11:35  Missile Turret  
  185  11:39  Missile Turret  
  185  11:40  Missile Turret  
  185  11:45  Command Center  
  185  11:48  Command Center  
  185  11:53  Terran Vehicle And Ship Armor Level 2, Smart Servos  
  183  11:55  Mag-Field Accelerator  
  177  12:25  Missile Turret  
  177  12:26  Missile Turret  
  171  12:38  Medivac x2  
  173  12:50  Thor x2, Siege Tank x2  
  173  12:51  Hellion x2  
  195  13:10  Orbital Command  
  195  13:11  Orbital Command  
  195  13:12  Hellion  
  197  13:13  Terran Ship Weapons Level 2  
  197  13:17  Starport  
  197  13:18  Starport  
  197  13:38  Starport Tech Lab  
  197  13:47  Starport x2  
  192  14:09  Orbital Command, Terran Vehicle Weapons Level 3  
  139  14:38  Thor x2  
  151  14:40  Starport Tech Lab x2  
  151  14:42  Starport Tech Lab  
  151  14:44  Starport Tech Lab  
  145  14:58  Cyclone x2  
  118  15:17  Battlecruiser x2  
  118  15:18  Battlecruiser x2  
  118  15:21  Cyclone x2  
  142  15:25  Hellion x2  
  144  15:30  Cyclone x2  
  150  15:46  Hellion x2  
  154  15:50  Terran Ship Weapons Level 3  
  154  15:53  Cyclone x2  
  160  16:02  Thor, Cyclone  
  160  16:03  Missile Turret  
  169  16:07  Missile Turret, Hellion  
  169  16:08  Hellion  
  169  16:25  Cyclone x2  
  171  16:29  Hellion x2  
  166  16:35  Hellion  
  153  16:45  Cyclone  
  146  16:50  Hellion x2  
  150  16:56  Cyclone  
  150  16:57  Cyclone, SCV x5, Hellion  
  169  17:04  Orbital Command  
  169  17:05  Sensor Tower  
  163  17:17  Cyclone  
  163  17:18  Cyclone  
  169  17:25  Hellion  
  169  17:26  Hellion, Medivac  
  169  17:27  Medivac  
  169  17:28  Cyclone  
  169  17:29  Cyclone  
  181  17:47  Hellion x2  
  181  17:50  Cyclone  
  181  17:51  Cyclone  
  191  18:00  Cyclone  
  191  18:01  Cyclone  
  189  18:39  Hellion x2, Cyclone x3  
  196  18:48  Hellion  
Tags
 
Add a new tag
Caveats
  • Supply blocks, unpowered buildings, or Contaminate may cause inaccurate times.
  • Supply counts are checked every 10 seconds.